 Dungeon Crawl Stone Soup version 0.27.1-2-g3b301248ec (webtiles) character file.

Game seed: 7068663089011626749

6 Borgoz the Skirmisher (level 1, 0/14 HPs)
             Began as a Gargoyle Berserker on Sept 23, 2021.
             Was a Follower of Trog.
             Slain by a hobgoblin (4 damage)
             ... on level 1 of the Dungeon.
             The game lasted 00:00:14 (452 turns).

Borgoz the Skirmisher (Gargoyle Berserker)           Turns: 452, Time: 00:00:15

Health: 0/14       AC:  4    Str: 20    XL:     1   Next: 90%
Magic:  1/1        EV: 12    Int:  7    God:    Trog [*.....]
Gold:   0          SH:  0    Dex:  9    Spells: 0/0 levels left

rFire    . . .     SeeInvis .   a - +0 mace
rCold    . . .     Faith    .   (no shield)
rNeg     + . .     Spirit   .   b - +0 animal skin
rPois    ∞         Reflect  .   (no helmet)
rElec    +         Harm     .   (no cloak)
rCorr    .         Rampage  .   (no gloves)
Will     .....                  (no boots)
Stlth    +.........             (no amulet)
HPRegen  0.04/turn              (no ring)
MPRegen  0.07/turn              (no ring)

@: no status effects
A: sickness immunity, AC +2, negative energy resistance 1, electricity
resistance, torment resistance 1, petrification resistance
a: Renounce Religion, Berserk


You were on level 1 of the Dungeon.
You worshipped Trog.
Trog was aware of your devotion.
You visited 1 branch of the dungeon, and saw 1 of its levels.

Inventory:

Hand Weapons
 a - a +0 mace (weapon)
Armour
 b - a +0 animal skin (worn)
Potions
 c - a potion of curing {unknown}


   Skills:
 + Level 3.4 Fighting
 + Level 3.1 Maces & Flails
 + Level 2.3 Armour
 + Level 1.7 Dodging


You couldn't memorise any spells.
You didn't know any spells.
Your spell library was empty.

Dungeon Overview and Level Annotations

Branches:
Dungeon (1/15)

Altars:


Innate Abilities, Weirdness & Mutations

You are immune to sickness and miasma.
Your stone body is resilient. (AC +2)
You are immune to poison.
You resist negative energy. (rN+)
You are resistant to electric shocks. (rElec)
You are resistant to unholy torment.
You are immune to petrification.


Message History

The bat moves out of view.
A bat is nearby!
You miss the bat. The bat hits you but does no damage.
A hobgoblin and a dart slug come into view.
The bat hits you but does no damage.
The hobgoblin shouts!
You hear a shout!
The bat hits you. The bat closely misses you.
A dart slug comes into view.
The bat hits you but does no damage. The dart slug launches a dart at you.
The slug dart hits you.
You hit the bat.
The bat is moderately wounded.
The bat closely misses you. The dart slug launches a dart at you.
The slug dart hits you.
A kobold comes into view. It is wielding a +0 dagger.
You are too injured to fight recklessly!
Okay, then.
The bat barely misses you. The hobgoblin misses you.
The kobold throws a stone.
The stone hits you. The bat misses you. The bat hits you but does no damage.
The bat hits you. The bat barely misses you. The bat closely misses you.
You are too injured to fight recklessly!
You are too injured to fight recklessly!
You are too injured to fight recklessly!
You are too injured to fight recklessly!
You are too injured to fight recklessly!
You barely miss the bat. The bat closely misses you. x2
You hit the bat.
You kill the bat!
Trog accepts your kill.
You closely miss the hobgoblin. The hobgoblin hits you.
* * * LOW HITPOINT WARNING * * *
You hit the hobgoblin but do no damage. The hobgoblin hits you.
You die...

######## # #......##### ##
#........... .## #...........
..## #........... #..#
#...........
...################...........
..>.............@gwK.w........
.........###########..........
.........# #..........
.÷.......# #..........
#........# #..........
.........# #...K......
.........# #..........
..'####### #......... ##.#


You could see 2 dart slugs, a hobgoblin and a kobold.

Vanquished Creatures
  2 bats (D:1)
  A hobgoblin (D:1)
  A frilled lizard (D:1)
  2 kobolds (D:1)
6 creatures vanquished.

Notes
Turn   | Place    | Note
-------+----------+-------------------------------------------
     0 | D:1      | Borgoz the Gargoyle Berserker began the quest for the Orb.
     0 | D:1      | Reached XP level 1. HP: 14/14 MP: 1/1
   452 | D:1      | Slain by a hobgoblin

Illustrated notes

Levels and vault maps discovered:
D:1:      amcnicky_arrival_flooded_fountain, layout_basic,
          hellmonk_ecumenical_altar_inner_sanctum, grunt_decor_mini_mirrors,
          wad_floor_pattern_1

Action                   || total
-------------------------++-------
Melee: Mace              ||    18
Armor: Animal skin       ||     7
Dodge: Dodged            ||    13
